 Dungeon Crawl Stone Soup version 0.28-a0-175-gb2089b6bb7 (webtiles) character file.

Game seed: 11492073657520851102

105 Nattfarinn the Grave Robber (level 4, -4/36 HPs)
             Began as a Deep Dwarf Necromancer on Aug 17, 2021.
             Killed from afar by Ijyb (16 damage)
             ... with a bolt of acid
             ... on level 2 of the Dungeon.
             The game lasted 00:03:12 (2351 turns).

Nattfarinn the Grave Robber (DDNe)                  Turns: 2351, Time: 00:03:13

Health: -4/36      AC:  2    Str: 11    XL:     4   Next: 54%
Magic:  2/6        EV: 12    Int: 17    God:
Gold:   83         SH:  0    Dex: 13    Spells: 1/6 levels left

rFire   . . .      SeeInvis .   g - +2 mace (protect)
rCold   . . .      Faith    .   (no shield)
rNeg    . . .      Spirit   .   a - +0 robe
rPois   .          Reflect  .   (no helmet)
rElec   .          Harm     .   (no cloak)
rCorr   .          Rampage  .   (no gloves)
Will    .....                   (no boots)
Stlth   ++........              (no amulet)
HPRegen 0.00/turn               (no ring)
MPRegen 0.10/turn               (no ring)

@: no status effects
A: damage resistance, heal wounds, sense surroundings 1, no regeneration
a: Heal Wounds


You were on level 2 of the Dungeon.
You visited 1 branch of the dungeon, and saw 2 of its levels.

You collected 83 gold pieces.

Inventory:

Hand Weapons
 g - a +2 mace of protection (weapon)
Armour
 a - a +0 robe (worn)
Jewellery
 i - a ring of protection from fire
Wands
 h - a wand of flame (14)
Scrolls
 b - 2 scrolls of identify {unknown}
Potions
 c - 2 potions of haste {unknown}
 d - a potion of lignification {unknown}
 e - a potion of invisibility {unknown}
 f - 2 potions of cancellation {unknown}


   Skills:
 - Level 2.1 Dodging
 - Level 2.4 Stealth
 - Level 1.7 Spellcasting
 * Level 6.6 Necromancy


You had one spell level left.
You knew the following spells:

 Your Spells              Type           Power      Damage    Failure   Level
a - Pain                  Necr           96%        1d8       1%          1
b - Vampiric Draining     Necr           12%        2d7       3%          3
c - Animate Skeleton      Necr           48%        N/A       1%          1

Your spell library contained the following spells:

 Spells                   Type           Power      Damage    Failure   Level
 Animate Dead             Necr           12%        N/A       13%         4
 Agony                    Necr           24%        N/A       34%         5


Dungeon Overview and Level Annotations

Branches:
Dungeon (2/15)

Altars:
Beogh

Annotations:
D:2 1 runed translucent door, Crazy Yiuf, Ijyb


Innate Abilities, Weirdness & Mutations

You are resistant to damage.
You can heal yourself by infusing magical energy.
You passively map a small area around you.
You do not regenerate.


Message History

You are too injured to fight recklessly!
Unknown command.
Unknown command.
You see here a +0 dagger.
Items here: )) [ ††.
Casting: Pain (safe; 1% risk of failure)
Confirm with . or Enter, or press ? or * to list all spells.
You attempt to give life to the dead...
Before your eyes, flesh is ripped from the corpse!
The dead are walking!
What are your orders? t - Shout!
Orders for allies: a - Attack new target. r - Retreat! s - Stop attacking. g - Guard the area. f - Follow me.
Anything else - Cancel.
Gang up on whom?
Press: ? - help, Dir - move target, f - goblin
Aim: a goblin, wielding a +0 club Attack!
The goblin closely misses your goblin skeleton.
Your goblin skeleton misses the goblin.
The goblin barely misses your goblin skeleton.
Your goblin skeleton barely misses the goblin.
The goblin hits your goblin skeleton with a +0 club.
Your goblin skeleton completely misses the goblin.
The goblin hits your goblin skeleton with a +0 club.
Your goblin skeleton is destroyed!
Casting: Animate Skeleton (safe; 1% risk of failure)
Confirm with . or Enter, or press ? or * to list all spells.
You attempt to give life to the dead...
Before your eyes, flesh is ripped from the corpse!
The dead are walking!
You are no longer corroded.
The goblin hits Terence with a +0 club.
Ijyb zaps a wand.
The bolt of acid misses the goblin.
The bolt of acid hits Terence!
Terence is splashed with acid.
Terence is destroyed!
The bolt of acid hits you!
You die...

### ..# ######### #.#
#.......# ..#
###########.#####.#######
..#######...ggg)@...#
#........
.............#####..#
######### ..####.......# #..#
# #.# #8...g.8# #..# # #.#
#....g..# #..# # #.#
#8....g8# #..# ####### #.#
#...).).# #..# #####......
#.####8.....8# #..#
#.....#####
#....#.......#####..###.#####


You could see Ijyb and 2 goblins.

Vanquished Creatures
  Jessica (D:2)
  Terence (D:2)
  An adder (D:2)
  A worm (D:2)
  A dart slug (D:1)
  4 orcs (D:2)
  3 ball pythons
  2 endoplasms (D:2)
  3 giant cockroaches
  6 goblins
  2 hobgoblins
  A quokka (D:2)
  2 bats (D:2)
  5 kobolds
  2 rats (D:1)
35 creatures vanquished.

Notes
Turn   | Place    | Note
-------+----------+-------------------------------------------
     0 | D:1      | Nattfarinn the Deep Dwarf Necromancer began the quest for
                  | the Orb.
     0 | D:1      | Reached XP level 1. HP: 15/15 MP: 3/3
   241 | D:1      | Reached XP level 2. HP: 20/22 MP: 0/4
   406 | D:1      | Reached skill level 5 in Necromancy
  1443 | D:2      | Found a faded altar of an unknown god.
  1471 | D:2      | Reached XP level 3. HP: 26/28 MP: 2/5
  1475 | D:2      | Learned a level 3 spell: Vampiric Draining
  1532 | D:2      | Found a runed translucent door.
  1541 | D:2      | Noticed Crazy Yiuf
  1988 | D:2      | Noticed Jessica
  1999 | D:2      | Killed Jessica
  2000 | D:2      | Reached skill level 6 in Necromancy
  2000 | D:2      | Reached XP level 4. HP: 27/36 MP: 0/6
  2259 | D:2      | Noticed Terence
  2269 | D:2      | Learned a level 1 spell: Animate Skeleton
  2289 | D:2      | Killed Terence
  2334 | D:2      | Noticed Ijyb
  2351 | D:2      | Killed from afar by Ijyb

Illustrated notes

Levels and vault maps discovered:
D:1:      lemuel_arrival_cross, layout_loops_corners, dk_noncrumbling_2
D:2:      kennysheep_the_goblin_king, layout_loops_ring,
          hellmonk_ecumenical_altar_defaced_shrine, uniq_crazy_yiuf_cottage,
          uniq_jessica, uniq_terence

Skill      XL: |  1  2  3 |
---------------+----------+-----
Necromancy     | 5 6 |  6.6
Dodging        | |  2.1
Stealth        | |  2.4
Spellcasting   | |  1.7

Action                   |  1- 3 |  4- 6 || total
-------------------------+-------+-------++-------
Melee: Unarmed           |     3 |       ||     3
       Mace              |     6 |     3 ||     9
 Cast: Pain              |    62 |    11 ||    73
       Animate Skeleton  |       |     2 ||     2
Armor: Robe              |     5 |     1 ||     6
Dodge: Dodged            |     8 |     2 ||    10

Table legend: (Time is in decaauts)
 A = Elapsed time spent in this place.
 B = Non-inter-level travel time spent in this place.
 C = Inter-level travel time spent in this place.
 D = Time resting spent in this place.
 E = Time spent auto-exploring this place.
 F = Levels seen in this place.
 G = Mean time per level.
                   A        B        C        D        E       F      G
               +--------+--------+--------+--------+--------+-----+--------+
         Total |   2355 |   2332 |     23 |     58 |   2033 |   2 | 1177.5 |
       Dungeon |   2355 |   2332 |     23 |     58 |   2033 |   2 | 1177.5 |
               +--------+--------+--------+--------+--------+-----+--------+

Top non-repeatable levels by time:
     D:1: 1258 daAuts
     D:2: 1097 daAuts
